Map: Newkirk Precinct TE (Void)

Players

LewisKiniski

  • Race: Protoss Protoss
  • League: Master
  • Spawn Location: 7:00

A.I. 10 (Very Easy) - Winner!

  • Race: Terran Terran
  • Spawn Location: 5:00

VOD

Have the link to the VOD?

Description

Time

  • Played on: Jan. 30, 2017, 9:47 p.m.
  • Length: 5:02
Show
View Real Time Build Order
Export as new Build Order

LewisKiniski Protoss 

Build Orders: 1 Gate Expand 

Get SALT Encoding   

  12  0:00  Probe (Chrono Boost)  
  13  0:11  Probe (Chrono Boost)  
  14  0:18  Pylon  
  14  0:22  Probe (Chrono Boost)  
  15  0:36  Probe (Chrono Boost), Gateway  
  15  0:42  Assimilator  
  16  0:47  Probe (Chrono Boost)  
  17  0:57  Probe (Chrono Boost)  
  18  1:08  Probe (Chrono Boost)  
  19  1:21  Nexus  
  19  1:23  Probe (Chrono Boost)  
  20  1:33  Cybernetics Core  
  20  1:36  Probe (Chrono Boost)  
  21  1:43  Assimilator  
  21  1:47  Probe (Chrono Boost)  
  21  1:52  Pylon  
  22  1:57  Probe (Chrono Boost)  
  23  2:10  Mothership Core (Chrono Boost)  
  23  2:13  Adept  
  27  2:22  Warp Gate  
  27  2:29  Probe (Chrono Boost)  
  28  2:33  Probe (Chrono Boost)  
  29  2:39  Probe (Chrono Boost)  
  29  2:42  Robotics Facility  
  29  2:44  Probe (Chrono Boost)  
  31  2:50  Probe (Chrono Boost)  
  32  2:54  Probe (Chrono Boost)  
  33  3:00  Probe (Chrono Boost)  
  33  3:05  Probe (Chrono Boost)  
  35  3:09  Gateway x2  
  36  3:13  Probe (Chrono Boost)  
  36  3:15  Probe (Chrono Boost)  
  37  3:23  Probe (Chrono Boost)  
  37  3:26  Twilight Council  
  37  3:27  Probe (Chrono Boost)  
  39  3:30  Observer  
  39  3:34  Probe (Chrono Boost)  
  41  3:52  Observer  
Show
View Real Time Build Order
Export as new Build Order

A.I. 10 (Very Easy) Terran - Winner!

Build Orders:  

Get SALT Encoding   

  12  0:00  SCV  
  13  0:13  SCV  
  14  0:20  Supply Depot  
  14  0:38  Refinery  
  14  0:47  Barracks  
  14  1:05  Supply Depot  
  14  1:13  Refinery  
  14  1:31  SCV  
  15  1:34  Marine  
  16  1:43  SCV  
  17  1:55  SCV  
  18  2:08  Marine, SCV  
  20  2:20  SCV  
  21  2:32  SCV  
  22  2:41  Marine  
  23  2:45  Orbital Command  
Tags
 
Add a new tag
Caveats
  • Supply blocks, unpowered buildings, or Contaminate may cause inaccurate times.
  • Supply counts are checked every 10 seconds.